 Dungeon Crawl Stone Soup version 0.31-a0-222-gefeffbb62a (webtiles) character file.

Game seed: 1132946170276470270

45 qw the Shooter (level 3, -2/21 HPs)
             Began as a Gargoyle Hexslinger on July 5, 2023.
             Slain by Jessica
             ... wielding a +0 club
              (4 damage)
             ... on level 2 of the Dungeon.
             The game lasted 00:00:27 (986 turns).

qw the Shooter (Gargoyle Hexslinger)                 Turns: 986, Time: 00:00:28

Health: -2/21      AC:  5    Str: 11    XL:     3   Next: 64%
Magic:  4/4        EV: 12    Int: 13    God:
Gold:   53         SH:  0    Dex: 14    Spells: 3/4 levels left

rFire   . . .        Y - +1 sling
rCold   . . .        (no shield)
rNeg    + . .        c - +0 robe
rPois   inf          (no helmet)
rElec   +            (no cloak)
rCorr   .            (no gloves)
SInv    .            (no boots)
Will    .....        (no amulet)
Stlth   +            (no ring)
HPRegen 0.23/turn    (no ring)
MPRegen 0.09/turn

%: no passive effects
@: slowed, very slow
A: sickness immunity, AC +3, negative energy resistance 1, electricity
resistance, torment resistance 1, petrification resistance
a: no special abilities


You were on level 2 of the Dungeon.
You visited 1 branch of the dungeon, and saw 2 of its levels.

You collected 53 gold pieces.


Innate Abilities, Weirdness & Mutations

You are immune to sickness and miasma.
Your stone body is resilient. (AC +3)
You are immune to poison.
You resist negative energy. (rN+)
You are resistant to electric shocks. (rElec)
You are resistant to unholy torment.
You are immune to petrification.


   Skills:
 - Level 2.0 Fighting
 + Level 3.5 Ranged Weapons
 - Level 1.5 Dodging
 - Level 1.0 Spellcasting
 - Level 2.6 Hexes


You had 3 spell levels left.
You knew the following spells:

 Your Spells              Type           Power      Damage    Failure   Level
a - Slow                  Hex            28%        N/A       10%         1

Your spell library contained the following spells:

 Spells                   Type           Power      Damage    Failure   Level
 Inner Flame              Hex/Fire       4%         N/A       43%         3
 Portal Projectile        Hex/Tloc       8%         N/A       43%         3
 Cause Fear               Hex            3%         N/A       67%         4

Inventory:

Hand Weapons
 Y - a +1 sling (weapon)
Armour
 c - a +0 robe (worn)
Scrolls
 a - a scroll of identify
Potions
 d - a potion of might {unknown}
 g - a potion of heal wounds {unknown}
 j - 2 potions of curing

Dungeon Overview and Level Annotations

Branches:
Dungeon (2/15)

Altars:

Annotations:
D:2 Jessica


Message History

You shoot a sling bullet.
The sling bullet closely misses Jessica.
Jessica casts a spell.
Jessica seems to speed up.
You shoot a sling bullet. The sling bullet hits Jessica.
Jessica is moderately wounded.
Jessica misses you. x2
You shoot a sling bullet.
The sling bullet closely misses Jessica.
Jessica closely misses you. x2
You shoot a sling bullet.
The sling bullet hits Jessica but does no damage.
Jessica is moderately wounded.
Jessica hits you with a +0 club. Jessica hits you but does no damage.
You shoot a sling bullet.
The sling bullet closely misses Jessica.
Jessica completely misses you.
You shoot a sling bullet. The sling bullet hits Jessica.
Jessica is heavily wounded.
Jessica barely misses you. Jessica casts a spell at you.
Pain shoots through your body!
You shoot a sling bullet.
The sling bullet closely misses Jessica.
Jessica hits you but does no damage.
Jessica points at you and mumbles some strange words.
You feel yourself slow down.
You shoot a sling bullet.
The sling bullet closely misses Jessica.
Jessica barely misses you. Jessica misses you. Jessica barely misses you.
You shoot a sling bullet.
The sling bullet hits Jessica but does no damage.
Jessica is heavily wounded.
Jessica barely misses you. Jessica hits you with a +0 club.
Jessica gestures wildly while chanting.
Jessica blinks!
You shoot a sling bullet. The sling bullet hits Jessica.
Jessica is almost dead.
Jessica hits you with a +0 club.
You die...

# #.........# #
#......>..# #
#.........### #
#...........# # #
#<........#.# ..
###.........#.# ####...
##..........#.###.......
##...%......%...........
##...######.....@@......
##...# #.....%ยค).....
##...######.............
##............###.......
##....####..... .......
##....# #...... .....##
##....# #...... !.####
##....# #.. ..# #####.#


You could see Jessica (fast).

Vanquished Creatures
  An adder (D:2)
  A dart slug (D:2)
  6 bats
  3 endoplasms
  3 goblins
  A hobgoblin (D:2)
  8 kobolds (D:1)
  2 quokkas
  4 ball pythons (D:1)
  A frilled lizard (D:1)
  3 rats
33 creatures vanquished.

Notes
Turn   | Place    | Note
-------+----------+-------------------------------------------
     0 | D:1      | qw the Gargoyle Hexslinger began the quest for the Orb.
     0 | D:1      | Reached XP level 1. HP: 12/12 MP: 2/2
     0 | D:1      | 0 ||| qw: Version: 0.3-a-46-gb1f654a
     0 | D:1      | 0 ||| qw: Game counter: 996
     0 | D:1      | 0 ||| qw: Melee chars always use a shield: true
     0 | D:1      | 0 ||| qw: God list: Okawaru
     0 | D:1      | 0 ||| qw: Allow faded altars: false
     0 | D:1      | 0 ||| qw: Do Orc after clearing Dungeon:15 true
     0 | D:1      | 0 ||| qw: Do second Lair branch before Depths: true
     0 | D:1      | 0 ||| qw: Lair rune preference: random
     0 | D:1      | 0 ||| qw: Goals: Normal
     0 | D:1      | 0 ||| PLANNING D:1-11
   142 | D:1      | 142 ||| Stepping ~*~*~tactically~*~*~ (outnumbered).
   150 | D:1      | Reached XP level 2. HP: 13/16 MP: 3/3
   195 | D:1      | Reached skill level 3 in Ranged Weapons
   716 | D:1      | Reached XP level 3. HP: 20/21 MP: 4/4
   797 | D:1      | 797 ||| READING scroll labelled UHUOVVULEO.
   802 | D:1      | 802 ||| READING scroll labelled MIHUSMU CYNOI.
   803 | D:1      | 803 ||| READING scroll labelled QUXKEID OCZASU.
   804 | D:1      | 804 ||| READING scroll labelled QEGEHO VIS.
   805 | D:1      | 805 ||| READING scroll labelled QIPHAZX LECIMI.
   806 | D:1      | 806 ||| DRINKING 3 silvery potions.
   807 | D:1      | 807 ||| DROPPING scroll of poison.
   914 | D:2      | Identified the +9 spear of Fortitude {heavy, Drain rF++
                  | rCorr Str+3}
   962 | D:2      | Noticed Jessica
   982 | D:2      | HP: 3/21 [Jessica/nerve-wracking pain (3)]
   985 | D:2      | HP: 1/21 [Jessica/+0 club (3)]
   986 | D:2      | Slain by Jessica

Levels and vault maps discovered:
D:1:      shiori_angband_town, layout_basic, minmay_misc_feat_encased
D:2:      layout_basic, uniq_jessica, uniq_natasha

Skill      XL: |  1  2  3 |
---------------+----------+-----
Ranged Weapons | 3 |  3.5
Fighting       | 2 |  2.0
Dodging        | |  1.5
Spellcasting   | |  1.0
Hexes          | |  2.6

Action                     || total
---------------------------++-------
   Fire: Sling             ||   104
    Use: Scroll            ||     5
         Potion            ||     1
 Armour: Robe              ||    18
  Dodge: Dodged            ||    36

Table legend:
 A = Non-vault XP
 B = Vault XP
 C = Vault XP percentage of total XP
 D = Non-vault monster count
 E = Vault monster count
 F = Vault count percentage of total count
                 A         B        C        D         E       F
            +---------+---------+-------+---------+---------+-------
      Total |      65 |       0 |   0.0 |      33 |       0 |   0.0
            +---------+---------+-------+---------+---------+-------
        D:1 |      36 |       0 |   0.0 |      24 |       0 |   0.0
        D:2 |      29 |       0 |   0.0 |       9 |       0 |   0.0
            +---------+---------+-------+---------+---------+-------
